 Dungeon Crawl Stone Soup version 0.30-a0-568-g124715a40b (webtiles) character file.

Game seed: 10162927119857874542

57 IdlyInterested the Trooper (level 3, -1/29 HPs)
             Began as a Demonspawn Fighter on Dec 28, 2022.
             Killed from afar by an orc wizard (10 damage)
             ... with a magic dart
             ... on level 3 of the Dungeon.
             The game lasted 00:04:49 (1897 turns).

IdlyInterested the Trooper (Demonspawn Fighter)     Turns: 1897, Time: 00:04:50

Health: -1/29      AC:  6    Str: 18    XL:     3   Next: 73%
Magic:  3/3        EV:  9    Int:  9    God:
Gold:   34         SH:  0    Dex: 18    Spells: 2/2 levels left

rFire   . . .      SeeInvis .    p - +1 whip (elec)
rCold   . . .      Faith    .    c - +0 buckler
rNeg    . . .      Spirit   .    b - +0 scale mail
rPois   .          Reflect  .    (helmet restricted)
rElec   .          Harm     .    (no cloak)
rCorr   .          Rampage  .    (no gloves)
Will    .....                    (no boots) Stlth
                                 (no amulet)
HPRegen 0.24/turn                e - +6 ring of dexterity
MPRegen 0.08/turn                (no ring)

@: confused
A: antennae 1
a: no special abilities


You were on level 3 of the Dungeon.
You visited 1 branch of the dungeon, and saw 3 of its levels.

You collected 138 gold pieces.
You spent 104 gold pieces at shops.

Inventory:

Hand Weapons
 a - a +0 flail
 p - a +1 whip of electrocution (weapon)
Missiles
 n - 6 boomerangs (quivered)
 u - 3 poisoned darts
Armour
 b - a +0 scale mail (worn)
 c - a +0 buckler (worn)
Magical Staves
 q - a staff of earth
 r - a staff of poison
Jewellery
 e - a +6 ring of dexterity (left hand)
 l - a ring of fire
Wands
 m - a wand of paralysis (8)
Scrolls
 f - a scroll of magic mapping {unknown}
 t - a scroll of fog {unknown}
 v - a scroll of vulnerability {unknown}
 w - a scroll of brand weapon {unknown}
Potions
 d - a potion of might
 g - 2 potions of berserk rage {unknown}
 h - a potion of heal wounds
 i - 2 potions of attraction {unknown}
 j - 2 potions of curing {unknown}
 k - a potion of resistance
 o - 2 potions of flight {unknown}
 s - a potion of ambrosia {unknown}


   Skills:
 + Level 3.5 Fighting
 * Level 3.0 Maces & Flails
 - Level 3.0 Armour
 * Level 0.1 Dodging
 - Level 2.6 Shields


You had 2 spell levels left.
You didn't know any spells.
Your spell library was empty.

Dungeon Overview and Level Annotations

Branches:
Dungeon (3/15)

Altars:

Shops:
D:2 (


Innate Abilities, Weirdness & Mutations

You have a pair of small antennae on your head.


Message History

The kobold shouts!
The orc shouts!
The orc wizard shouts! x2
The endoplasm quivers.
You hear an angry hiss.
There is a stone staircase leading up here.
You hit the orc.
The orc is almost dead.
The orc wizard hits you but does no damage.
An orc comes into view.
It is wielding a +2 hand axe of electrocution.
The orc hits you with a +0 falchion.
You closely miss the orc.
The orc is almost dead.
The orc shouts!
The orc wizard hits you but does no damage.
The orc hits you but does no damage.
The orc wizard hits you with a +4 dagger.
You hit the orc.
You kill the orc!
The orc wizard points at you and mumbles some strange words.
The magic dart hits you.
The orc wizard points at you and mumbles some strange words.
You are confused.
The orc wizard closely misses you.
The kobold hits you with a +1 dagger of protection.
The endoplasm barely misses you.
The orc wizard hits you but does no damage.
You bump into the rock wall.
The kobold hits you but does no damage. The endoplasm hits you.
The orc wizard hits you with a +4 dagger.
The orc wizard points at you and mumbles some strange words.
The puff of flame hits you!
You hit the endoplasm.
The endoplasm is almost dead.
You hit the endoplasm.
You kill the endoplasm!
The kobold hits you with a +1 dagger of protection.
The orc wizard gestures at you while chanting.
You are more confused.
The orc wizard casts a spell at you. The magic dart hits you!
You die...

#...##
#....
#...#
#...#
#...
#o.# ##
#K.#...#
#@..#
#oo##
#..#
...#
....
.##.#.
#.#. .##
#.#. .#
#.#


You could see 2 orc wizards, an orc and a kobold.

Vanquished Creatures
  An adder (D:2)
  An orc (D:3)
  4 ball pythons (D:1)
  6 endoplasms
  A giant cockroach (D:2)
  3 goblins
  3 hobgoblins
  5 jackals (D:1)
  9 kobolds
  2 quokkas
  A bat (D:1)
  2 frilled lizards
  4 rats
42 creatures vanquished.

Notes
Turn   | Place    | Note
-------+----------+-------------------------------------------
     0 | D:1      | IdlyInterested the Demonspawn Fighter began the quest for
                  | the Orb.
     0 | D:1      | Reached XP level 1. HP: 18/18 MP: 1/1
    70 | D:1      | Gained mutation: You have a pair of small antennae on your
                  | head. [demonic ancestry]
    70 | D:1      | Reached XP level 2. HP: 24/24 MP: 2/2
   353 | D:1      | Reached XP level 3. HP: 29/29 MP: 3/3
   890 | D:2      | Found Cesch's Antique Weapon Shop.
  1714 | D:2      | Bought a glowing whip for 104 gold pieces
  1897 | D:3      | Killed from afar by an orc wizard

Illustrated notes

Levels and vault maps discovered:
D:1:      dpeg_arrival_houses_and_road, layout_basic, serial_aquarium,
          aquarium_bridge_long_joined [aquarium_subvault_window,
          aquarium_subvault_bridge, aquarium_subvault_bridge,
          aquarium_subvault_bridge, aquarium_subvault_bridge,
          aquarium_subvault_bridge], aquarium_bridge_square
          [aquarium_subvault_bridge, aquarium_subvault_window,
          aquarium_subvault_bridge, aquarium_subvault_window],
          aquarium_window_corner, aquarium_window_fake,
          aquarium_window_corridor_3, aquarium_view_2g, aquarium_balcony_3a,
          minivault_4
D:2:      layout_loops_ring, serial_shops, nicolae_shop_trees,
          lightli_corner_chamber
D:3:      layout_loops_ring

Skill      XL: |  1  2  3 |
---------------+----------+-----
Maces & Flails | 2 3 |  3.0
Armour         | 3 |  3.0
Fighting       | |  3.5
Dodging        | |  0.1
Shields        | |  2.6

Action                   || total
-------------------------++-------
Melee: Flail             ||    91
       Whip              ||    13
  Use: Scroll            ||     3
Armor: Scale mail        ||    61
Dodge: Dodged            ||    48
Block: Buckler           ||    15

Table legend: (Time is in decaauts)
 A = Elapsed time spent in this place.
 B = Non-inter-level travel time spent in this place.
 C = Inter-level travel time spent in this place.
 D = Time resting spent in this place.
 E = Time spent auto-exploring this place.
 F = Levels seen in this place.
 G = Mean time per level.
                   A        B        C        D        E       F      G
               +--------+--------+--------+--------+--------+-----+--------+
         Total |   1929 |   1586 |    343 |     62 |   1027 |   3 |  643.0 |
       Dungeon |   1929 |   1586 |    343 |     62 |   1027 |   3 |  643.0 |
               +--------+--------+--------+--------+--------+-----+--------+

Top non-repeatable levels by time:
     D:2: 988 daAuts
     D:1: 883 daAuts
     D:3: 57 daAuts
